[Event "Titled Tuesday Blitz March 01 Late 2022"]
[White "Caruana, Fabiano"]
[Black "Maksimovic, Bojan"]
[WhiteFideId "2020009"]
[BlackFideId "14408120"]
[WhiteElo "2744"]
[BlackElo "2450"]
[Result "1-0"]
[Round "05"]
[TimeControl "180+1"]
[Date "2022.03.01"]
[WhiteClock "0:00:36"]
[BlackClock "0:00:01"]

1. Nf3 g6 2. d4 Bg7 3. Nbd2 c5 4. dxc5 Na6 5. Nb3 Nxc5 6. Nxc5 Qa5+ 7. c3 Qxc5 8. e4 d6 9. Be3 Qc7 10. Bb5+ Bd7 11. Bxd7+ Qxd7 12. O-O Qc7 13. Re1 Nf6 14. Qd3 O-O 15. h3 Nd7 16. Rac1 Rfc8 17. b3 Qa5 18. Bd4 Qxa2 19. Qb5 Bxd4 20. cxd4 Nb6 21. Qg5 f6 22. Qg4 Qxb3 23. d5 Qb5 24. Nd4 Qe8 25. Ne6 Qf7 26. h4 f5 27. Qg5 fxe4 28. Rxc8+ Rxc8 29. Rxe4 Nd7 30. Rf4 Nf6 31. h5 Kh8 32. h6 Rc1+ 33. Kh2 Rc8 34. Qg3 b5 35. Qa3 Qg8 36. Qxa7 Nxd5 37. Qd4+ Nf6 38. Rxf6 Rc4 39. Qb2 1-0


[Site "https://www.chess.com"]

[Event "Titled Tuesday Blitz March 01 Late 2022"]
[White "Chernomordik, Pavel"]
[Black "Zhou, Qiyu"]
[WhiteFideId "2804530"]
[BlackFideId "505161"]
[WhiteElo "2249"]
[BlackElo "1925"]
[Result "1-0"]
[Round "05"]
[TimeControl "180+1"]
[Date "2022.03.02"]
[WhiteClock "0:01:09"]
[BlackClock "0:00:40"]

1. e4 c5 2. Nc3 d6 3. f4 Nf6 4. Nf3 g6 5. Bb5+ Nc6 6. O-O Bg7 7. d3 O-O 8. Bxc6 bxc6 9. Qe1 d5 10. e5 Ne8 11. Na4 c4 12. d4 Nc7 13. b3 Ba6 14. Rf2 Bb5 15. Nc5 e6 16. a4 Ba6 17. Ba3 Re8 18. Bb4 Rb8 19. Ba5 Bc8 20. Qc3 cxb3 21. cxb3 Qe7 22. Ne1 Na6 23. Ned3 Qh4 24. g3 Qg4 25. Kg2 h5 26. h3 Qf5 27. Nxa6 Bxa6 28. Nc5 Bb7 29. Qf3 g5 30. Qxh5 Bf8 31. fxg5 Qg6 32. Qxg6+ fxg6 33. Nd7 1-0


[Site "https://www.chess.com"]

[Event "Titled Tuesday Blitz March 01 Late 2022"]
[White "Christie, Joshua"]
[Black "Zarubitski, Viachaslau"]
[WhiteFideId "7402074"]
[BlackFideId "13509373"]
[WhiteElo "2078"]
[BlackElo "2325"]
[Result "0-1"]
[Round "05"]
[TimeControl "180+1"]
[Date "2022.03.01"]
[WhiteClock "0:00:14"]
[BlackClock "0:00:31"]

1. c4 Nf6 2. Nc3 e6 3. d4 Nc6 4. Nf3 Bb4 5. Bg5 h6 6. Bh4 d5 7. e3 g5 8. Bg3 Ne4 9. Qc2 h5 10. Bd3 h4 11. Be5 f6 12. Bxe4 dxe4 13. Qxe4 fxe5 14. d5 exd5 15. cxd5 Bxc3+ 16. bxc3 Ne7 17. Qxe5 Rf8 18. e4 g4 19. Qh5+ Kd7 20. Qxg4+ Nf5 21. O-O Qf6 22. exf5 Kd8 23. Rfe1 Bxf5 24. Qb4 Kc8 25. Nd4 Be4 26. Re2 a5 27. Qa3 Bxd5 28. Rae1 b6 29. c4 Bxc4 30. Rc2 Kb7 31. Nf3 Bd5 32. Re7 Rac8 33. Qe3 Bxf3 34. gxf3 Qg6+ 0-1


[Site "https://www.chess.com"]

[Event "Titled Tuesday Blitz March 01 Late 2022"]
[White "Csonka, Balazs"]
[Black "Brunner, Nicolas"]
[WhiteFideId "742910"]
[BlackFideId "620246"]
[WhiteElo "2404"]
[BlackElo "2372"]
[Result "1-0"]
[Round "05"]
[TimeControl "180+1"]
[Date "2022.03.02"]
[WhiteClock "0:00:03"]
[BlackClock "0:00:09"]

1. e4 e5 2. Nf3 Nc6 3. Bb5 a6 4. Ba4 Nf6 5. O-O Be7 6. Re1 b5 7. Bb3 d6 8. c3 O-O 9. h3 Nb8 10. d4 Nbd7 11. Nbd2 Bb7 12. Bc2 Re8 13. b3 Bf8 14. a4 g6 15. Bb2 Nh5 16. c4 b4 17. c5 exd4 18. cxd6 cxd6 19. Bxd4 Ne5 20. Rc1 Bg7 21. Nxe5 dxe5 22. Be3 Nf4 23. Nc4 Qg5 24. Qg4 Qxg4 25. hxg4 Rad8 26. Rcd1 Rxd1 27. Rxd1 Ne2+ 28. Kf1 Nc3 29. Rd6 Nxe4 30. Rb6 Bd5 31. Rxa6 Rc8 32. Rb6 Bxc4+ 33. bxc4 Rxc4 34. Bxe4 Rxe4 35. a5 b3 36. Rb8+ Bf8 37. Bh6 1-0


[Site "https://www.chess.com"]

[Event "Titled Tuesday Blitz March 01 Late 2022"]
[White "Dauner, Benedikt"]
[Black "Tanenbaum, Zachary"]
[WhiteFideId "16225899"]
[BlackFideId "2060850"]
[WhiteElo "2230"]
[BlackElo "2168"]
[Result "0-1"]
[Round "05"]
[TimeControl "180+1"]
[Date "2022.03.02"]
[WhiteClock "0:02:27"]
[BlackClock "0:01:17"]

1. d4 d5 2. Nf3 Bf5 3. c3 c6 4. Bf4 e6 5. Qb3 Qb6 6. e3 Nd7 7. Nbd2 Ngf6 8. h3 Be7 9. Be2 O-O 10. O-O h6 11. Ne5 Nxe5 12. Bxe5 Nd7 13. Bg3 c5 14. Qxb6 axb6 15. a3 c4 16. Rac1 b5 17. Bd1 Bd3 18. Re1 f5 19. Nf3 Bf6 20. Bd6 Rfe8 21. Bc2 Bxc2 22. Rxc2 e5 23. dxe5 Nxe5 24. Bxe5 Bxe5 25. Rd1 f4 26. exf4 Bxf4 27. Rxd5 Rad8 28. Rxb5 Rd1+ 0-1


[Site "https://www.chess.com"]

[Event "Titled Tuesday Blitz March 01 Late 2022"]
[White "Dias, Joao Batista"]
[Black "Celestino, Rafael Teixeira"]
[WhiteFideId "2108240"]
[BlackFideId "2108925"]
[WhiteElo "1898"]
[BlackElo "2321"]
[Result "1-0"]
[Round "05"]
[TimeControl "180+1"]
[Date "2022.03.02"]
[WhiteClock "0:00:10"]
[BlackClock "0:00:04"]

1. e4 c5 2. Nf3 Nc6 3. d4 cxd4 4. Nxd4 Nf6 5. Nxc6 bxc6 6. Bd3 e5 7. O-O Bc5 8. b3 O-O 9. Bb2 Re8 10. Nd2 d5 11. exd5 cxd5 12. Bb5 Bd7 13. Bxd7 Qxd7 14. Qe2 Qf5 15. Rac1 e4 16. h3 Rad8 17. c3 Qf4 18. Rcd1 Qg5 19. Bc1 Qg6 20. b4 Bb6 21. Nb3 Nh5 22. a4 Ng3 23. Qg4 Nxf1 24. Rxf1 e3 25. fxe3 Qxg4 26. hxg4 Bxe3+ 27. Bxe3 Rxe3 28. Rc1 Rde8 29. Nd4 Re1+ 30. Rxe1 Rxe1+ 31. Kf2 Ra1 32. a5 Ra3 33. Nb5 Ra2+ 34. Kf3 a6 35. Nc7 d4 36. cxd4 Kf8 37. Nxa6 Ke7 38. Ke4 Kd6 39. Nc5 Kc6 40. g3 Ra3 41. Nd3 f6 42. g5 Kd6 43. gxf6 gxf6 44. g4 h6 45. Nc5 Kc6 46. d5+ Kb5 47. d6 Kc6 48. d7 Kc7 49. Kf5 Rf3+ 50. Ke6 Re3+ 51. Kxf6 Re1 52. Kg6 Rg1 53. Kxh6 Rxg4 54. a6 Rg1 55. b5 Rb1 56. a7 Ra1 57. b6+ Kd8 58. b7 Ra6+ 59. Kg7 Rc6 60. b8=Q+ Ke7 61. d8=Q# 1-0


[Site "https://www.chess.com"]

[Event "Titled Tuesday Blitz March 01 Late 2022"]
[White "Djokic, Mihailo"]
[Black "Przybylski, Wojciech"]
[WhiteFideId "976440"]
[BlackFideId "1117599"]
[WhiteElo "2008"]
[BlackElo "2133"]
[Result "1-0"]
[Round "05"]
[TimeControl "180+1"]
[Date "2022.03.02"]
[WhiteClock "0:01:21"]
[BlackClock "0:00:02"]

1. e4 e5 2. Nf3 Nc6 3. Nc3 Nf6 4. Bb5 Nd4 5. Ba4 Nxf3+ 6. gxf3 c5 7. Rg1 a6 8. d3 g6 9. Rg5 Qc7 10. f4 Bd6 11. fxe5 Bxe5 12. Qf3 O-O 13. Bb3 d6 14. Bf4 Qe7 15. Bxe5 dxe5 16. Qg3 Re8 17. O-O-O Bd7 18. Rg1 Kh8 19. Qh4 Qd6 20. Bxf7 Re7 21. Bxg6 Rg8 22. Bf5 Reg7 23. Rxg7 Rxg7 24. Rxg7 Kxg7 25. Qg5+ Kf7 26. h4 Qd4 27. Bxd7 Nxd7 28. Nd5 Qxf2 29. Qe7+ Kg6 30. b3 Nf6 31. Nxf6 Qxf6 32. h5+ Kg5 33. Qxh7 Qf1+ 34. Kb2 Qf4 35. Qxb7 Kxh5 36. Qxa6 Kg4 37. Qc4 Qe3 38. a4 Kf4 39. a5 Qg1 40. a6 Qg7 41. Qxc5 Qd7 42. a7 Qd8 43. Qd5 1-0


[Site "https://www.chess.com"]

[Event "Titled Tuesday Blitz March 01 Late 2022"]
[White "Dourerassou, Jonathan"]
[Black "Hua, Lefong"]
[WhiteFideId "628050"]
[BlackFideId "2602253"]
[WhiteElo "2513"]
[BlackElo "2584"]
[Result "0-1"]
[Round "05"]
[TimeControl "180+1"]
[Date "2022.03.01"]
[WhiteClock "0:00:30"]
[BlackClock "0:01:21"]

1. d4 Nf6 2. c4 g6 3. f3 Bg7 4. e4 d6 5. Nc3 O-O 6. Nge2 c5 7. d5 e6 8. Bg5 exd5 9. cxd5 h6 10. Bh4 Nbd7 11. Qd2 a6 12. a4 Ne5 13. Nc1 Rb8 14. Bf2 Bd7 15. a5 b5 16. axb6 Qxb6 17. b3 Rfe8 18. Rxa6 Qc7 19. Be2 c4 20. Ra7 Qc8 21. bxc4 Nxc4 22. Bxc4 Qxc4 23. N1e2 Nxd5 24. Nd1 Bb5 25. Nd4 Nb4 26. Nxb5 Nc2+ 27. Qxc2 Qxc2 28. Nd4 Bxd4 29. Bxd4 Rb1 30. O-O Rxd1 0-1


[Site "https://www.chess.com"]

[Event "Titled Tuesday Blitz March 01 Late 2022"]
[White "Dubov, Daniil"]
[Black "Khabinets, Ivan"]
[WhiteFideId "24126055"]
[BlackFideId "14115980"]
[WhiteElo "2791"]
[BlackElo "2114"]
[Result "1-0"]
[Round "05"]
[TimeControl "180+1"]
[Date "2022.03.02"]
[WhiteClock "0:01:43"]
[BlackClock "0:00:16"]

1. e4 e5 2. Nf3 Nc6 3. Bc4 Nf6 4. d3 Be7 5. O-O O-O 6. Re1 d6 7. a4 Kh8 8. Nc3 Be6 9. Nd5 Bxd5 10. exd5 Nb4 11. d4 e4 12. Nd2 Nbxd5 13. Nxe4 c6 14. Ng3 Re8 15. Bd2 Bf8 16. Rxe8 Qxe8 17. Qf3 Qd7 18. a5 a6 19. Bd3 Re8 20. h3 Nc7 21. Bg5 Nfd5 22. c4 Nb4 23. Bf5 Ne6 24. Qb3 d5 25. Bxe6 Qxe6 26. c5 Qg6 27. Qxb4 Qxg5 28. Qxb7 Qd2 29. Qxc6 Qxb2 30. Qxe8 Qxa1+ 31. Kh2 Kg8 32. c6 Qc3 33. Qd7 1-0


[Site "https://www.chess.com"]

[Event "Titled Tuesday Blitz March 01 Late 2022"]
[White "Gareyev, Timur"]
[Black "Ponkratov, Pavel"]
[WhiteFideId "14200937"]
[BlackFideId "4157800"]
[WhiteElo "2586"]
[BlackElo "2487"]
[Result "1-0"]
[Round "05"]
[TimeControl "180+1"]
[Date "2022.03.01"]
[WhiteClock "0:00:07"]
[BlackClock "0:00:09"]

1. Nf3 Nf6 2. g3 g6 3. b4 Bg7 4. Bb2 O-O 5. a4 a5 6. b5 b6 7. d3 Bb7 8. Nbd2 c6 9. Bg2 cxb5 10. axb5 d5 11. O-O Nbd7 12. Nd4 Rc8 13. c4 Qc7 14. Rc1 Qd6 15. cxd5 Nxd5 16. Nc4 Qb4 17. Bxd5 Bxd5 18. Ba3 Bxd4 19. Bxb4 axb4 20. Qb3 Bc5 21. Qb2 e6 22. e4 Bb7 23. d4 Be7 24. Rfe1 Ra8 25. Nxb6 Nxb6 26. Rc7 Na4 27. Qb3 Bxe4 28. Rxe7 Bd5 29. Qxb4 Rfc8 30. b6 Rcb8 31. b7 Ra7 32. Rc1 Rbxb7 33. Rxb7 Bxb7 34. h4 Bd5 35. h5 Kg7 36. Rc8 Kh6 37. Qf8+ Kxh5 38. Qg7 Kg5 39. Qe5+ Kh6 40. Rh8 Nc3 41. Qf4+ Kg7 42. Qe5+ f6 43. Rg8+ Kxg8 44. Qb8+ Kg7 45. Qxa7+ Kh6 46. Qf7 Ne2+ 47. Kh2 Nxd4 48. Qxf6 Nf3+ 49. Kh3 Ng5+ 50. Kg4 Bf3+ 51. Kh4 e5 52. Qxg5+ Kg7 53. Qe7+ 1-0


[Site "https://www.chess.com"]

[Event "Titled Tuesday Blitz March 01 Late 2022"]
[White "Gatterer, Florian"]
[Black "Erdogdu, Mert"]
[WhiteFideId "811688"]
[BlackFideId "6301495"]
[WhiteElo "2218"]
[BlackElo "2485"]
[Result "0-1"]
[Round "05"]
[TimeControl "180+1"]
[Date "2022.03.02"]
[WhiteClock "0:00:04"]
[BlackClock "0:00:06"]

1. b3 Nf6 2. Bb2 g6 3. Nf3 Bg7 4. c4 c5 5. g3 O-O 6. Bg2 d6 7. d4 cxd4 8. Nxd4 Nc6 9. Nxc6 bxc6 10. O-O Qc7 11. e4 a5 12. Nc3 Bg4 13. Qc1 Rab8 14. h3 Be6 15. Kh2 Nd7 16. Na4 Bxb2 17. Nxb2 Nc5 18. f4 a4 19. f5 Bd7 20. Nxa4 Nxa4 21. bxa4 c5 22. Qd2 Rb4 23. f6 Bxa4 24. e5 dxe5 25. Bd5 exf6 26. Rxf6 Rb6 27. Raf1 Rxf6 28. Rxf6 Kg7 29. Rf2 f5 30. Qc3 h5 31. Re2 Re8 32. h4 Kf6 33. Qe3 Rb8 34. Qg5+ Kg7 35. Qe3 e4 36. Qc3+ Kh7 37. Rb2 Rxb2+ 38. Qxb2 Qg7 39. Qb6 Bc2 40. Qxc5 Bd3 41. Qd6 e3 42. Qe6 e2 43. Kh3 Kh6 44. c5 Ba6 45. Qe3+ Kh7 46. c6 Qf6 47. Qe8 f4 48. g4 hxg4+ 49. Kxg4 Qf5+ 50. Kf3 Qh3+ 51. Kxf4 Qxh4+ 52. Kf3 Qh3+ 53. Kf4 Qh4+ 54. Kf3 e1=Q 55. Qg8+ Kh6 56. Qh8+ Kg5 57. Qd8+ Kf5 58. Qd7+ Ke5 59. Qe6+ Kd4 60. c7 Qxe6 61. Bxe6 Qf6+ 0-1


[Site "https://www.chess.com"]

[Event "Titled Tuesday Blitz March 01 Late 2022"]
[White "Gelman, Alexander"]
[Black "Pinheiro, Iung Alicio de O."]
[WhiteFideId "4118316"]
[BlackFideId "2104350"]
[WhiteElo "2375"]
[BlackElo "2520"]
[Result "0-1"]
[Round "05"]
[TimeControl "180+1"]
[Date "2022.03.02"]
[WhiteClock "0:00:09"]
[BlackClock "0:00:25"]

1. d4 Nf6 2. Nc3 d5 3. Bf4 g6 4. e3 Bg7 5. h4 h5 6. Nb5 Na6 7. Nf3 O-O 8. Ne5 c6 9. Nc3 c5 10. Bxa6 bxa6 11. dxc5 Ng4 12. Nxg4 Bxg4 13. Qd2 Qa5 14. c6 e5 15. Bg3 d4 16. Ne4 Qb6 17. exd4 exd4 18. c7 Rfe8 19. f3 Bf5 20. O-O-O Be6 21. Kb1 Rec8 22. Rhe1 a5 23. a3 a4 24. Ng5 Bd5 25. Re7 a5 26. Qf4 d3 27. c3 Bxc3 28. Rd2 Qb3 29. Kc1 Qa2 0-1


[Site "https://www.chess.com"]

[Event "Titled Tuesday Blitz March 01 Late 2022"]
[White "Goryachkina, Aleksandra"]
[Black "Kopczynski, Michal"]
[WhiteFideId "4147103"]
[BlackFideId "1124200"]
[WhiteElo "2426"]
[BlackElo "2235"]
[Result "1-0"]
[Round "05"]
[TimeControl "180+1"]
[Date "2022.03.02"]
[WhiteClock "0:00:21"]
[BlackClock "0:00:02"]

1. e4 c5 2. Nf3 d6 3. c3 Nf6 4. Be2 g6 5. O-O Bg7 6. Bb5+ Nc6 7. d4 cxd4 8. cxd4 O-O 9. Nc3 Bg4 10. Be3 d5 11. e5 Ne4 12. h3 Bf5 13. Rc1 Qd7 14. Nxe4 dxe4 15. Nd2 h5 16. Nb3 Bxh3 17. gxh3 Qxh3 18. Qe2 Nb4 19. f3 Nd5 20. Rf2 Qg3+ 21. Kh1 Rac8 22. Rg1 Qh3+ 23. Rh2 Qxf3+ 24. Qxf3 exf3 25. Bc1 Kh7 26. Bd3 Bh6 27. Rxh5 Rxc1 28. Nxc1 Kg7 29. Be4 Nf4 30. Rh2 Rc8 31. Bxf3 Ne6 32. Nb3 a5 33. a4 Rc4 34. Bd5 1-0


[Site "https://www.chess.com"]

[Event "Titled Tuesday Blitz March 01 Late 2022"]
[White "Grischuk, Alexander"]
[Black "Gledura, Benjamin"]
[WhiteFideId "4126025"]
[BlackFideId "712779"]
[WhiteElo "2762"]
[BlackElo "2326"]
[Result "1-0"]
[Round "05"]
[TimeControl "180+1"]
[Date "2022.03.01"]
[WhiteClock "0:00:04"]
[BlackClock "0:00:03"]

1. e4 c5 2. Nc3 g6 3. d4 cxd4 4. Qxd4 Nf6 5. Be3 Nc6 6. Qd2 Bg7 7. f3 O-O 8. Nge2 b5 9. Nd4 b4 10. Nd5 Nxd5 11. exd5 Nxd4 12. Bxd4 Bxd4 13. Qxd4 Qa5 14. Bc4 Ba6 15. Bb3 e5 16. Qe3 d6 17. h4 f6 18. O-O-O Bb5 19. f4 Qc7 20. h5 g5 21. fxe5 fxe5 22. Qxg5+ Qg7 23. Qe3 a5 24. Rh4 a4 25. Bc4 Bd7 26. h6 Qf6 27. g3 Kh8 28. Kb1 Rac8 29. Bd3 a3 30. Rxb4 axb2 31. g4 Rb8 32. g5 Qf7 33. Rxb8 Rxb8 34. Rf1 Qxd5 35. Qf2 Qe6 36. Qf7 Qxf7 37. Rxf7 Be6 38. Rxh7+ Kg8 39. Rg7+ Kf8 40. c4 e4 41. Bxe4 Bxc4 42. Rc7 d5 43. h7 1-0


[Site "https://www.chess.com"]

[Event "Titled Tuesday Blitz March 01 Late 2022"]
[White "Gulecyuz, Deniz"]
[Black "Migot, Tangi"]
[WhiteFideId "30921341"]
[BlackFideId "662445"]
[WhiteElo "1925"]
[BlackElo "2502"]
[Result "0-1"]
[Round "05"]
[TimeControl "180+1"]
[Date "2022.03.02"]
[WhiteClock "0:00:07"]
[BlackClock "0:00:47"]

1. Nf3 d5 2. g3 g6 3. Bg2 Bg7 4. c4 d4 5. d3 e5 6. O-O Ne7 7. b4 O-O 8. Nbd2 c5 9. bxc5 Nbc6 10. Rb1 Qc7 11. e3 dxe3 12. fxe3 Bf5 13. Ne1 Rad8 14. Qb3 Bc8 15. Ne4 Nf5 16. Nc3 Qe7 17. Qa3 e4 18. Nd5 Qe6 19. Bxe4 Nh6 20. Bg2 f5 21. Nb6 axb6 22. Rxb6 Nf7 23. d4 Qe7 24. d5 Nce5 25. d6 Qd7 26. Nc2 Ng5 27. Nd4 Ne4 28. Bxe4 fxe4 29. Rxf8+ Rxf8 30. Bd2 Qh3 31. Qc1 Ng4 0-1


[Site "https://www.chess.com"]

[Event "Titled Tuesday Blitz March 01 Late 2022"]
[White "Gutenev, Alexander"]
[Black "Demchenko, Anton"]
[WhiteFideId "4195540"]
[BlackFideId "4160258"]
[WhiteElo "2403"]
[BlackElo "2539"]
[Result "1/2-1/2"]
[Round "05"]
[TimeControl "180+1"]
[Date "2022.03.01"]
[WhiteClock "0:00:46"]
[BlackClock "0:00:03"]

1. e4 e5 2. Nf3 Nc6 3. Bb5 a6 4. Ba4 Nge7 5. c3 Ng6 6. h4 Be7 7. h5 Nh4 8. Nxh4 Bxh4 9. d3 O-O 10. Qg4 Bf6 11. Qg3 d5 12. Nd2 d4 13. c4 Bd7 14. Bxc6 Bxc6 15. Nf3 Re8 16. Bh6 Kh8 17. Bg5 h6 18. Bxf6 Qxf6 19. Rc1 Bd7 20. Ke2 c5 21. Qh4 Qxh4 22. Nxh4 Bg4+ 23. Nf3 Rac8 24. Rh4 Bd7 25. g4 f6 26. Nd2 b5 27. f3 Rc7 28. Rhh1 Be6 29. Rc2 Rb8 30. cxb5 axb5 31. b3 Kg8 32. Rhc1 Rbc8 33. a4 bxa4 34. bxa4 Kf8 35. a5 Ke7 36. Rb1 Bd7 37. Rb6 Ra8 38. Nc4 Raa7 39. Kd2 Be6 40. Rb5 Bd7 41. Rb6 Be6 42. Rb5 Bd7 43. Rb8 Be6 44. Rb5 1/2-1/2


[Site "https://www.chess.com"]

[Event "Titled Tuesday Blitz March 01 Late 2022"]
[White "Guz, Ari"]
[Black "Daggupati, Balaji"]
[WhiteFideId "2825759"]
[BlackFideId "2090759"]
[WhiteElo "1913"]
[BlackElo "2736"]
[Result "0-1"]
[Round "05"]
[TimeControl "180+1"]
[Date "2022.03.01"]
[WhiteClock "0:00:27"]
[BlackClock "0:00:49"]

1. Nf3 d5 2. b3 c5 3. Bb2 Nc6 4. g3 Nf6 5. Bg2 g6 6. O-O Bg7 7. d4 Ne4 8. e3 O-O 9. Nbd2 Nxd2 10. Qxd2 Bg4 11. c3 Rc8 12. dxc5 e5 13. h3 Bxf3 14. Bxf3 e4 15. Be2 Qd7 16. Bg4 f5 17. Be2 Ne5 18. c4 dxc4 19. Qxd7 Nxd7 20. Bxc4+ Kh8 21. Bxg7+ Kxg7 22. b4 Ne5 23. Be2 a5 24. a3 Nc6 25. Bb5 Ne5 26. Rfd1 Rfd8 27. Kf1 Kf6 28. Ke2 Ke7 29. Rxd8 Rxd8 30. Rd1 Ra8 31. Rd5 Ke6 32. Rd6+ Ke7 33. Rb6 axb4 34. Rxb7+ Kf6 35. axb4 Nf3 36. c6 Ra1 0-1


[Site "https://www.chess.com"]

[Event "Titled Tuesday Blitz March 01 Late 2022"]
[White "Harvey, Marcus R"]
[Black "Jobava, Baadur"]
[WhiteFideId "400092"]
[BlackFideId "13601520"]
[WhiteElo "2485"]
[BlackElo "2617"]
[Result "0-1"]
[Round "05"]
[TimeControl "180+1"]
[Date "2022.03.01"]
[WhiteClock "0:00:31"]
[BlackClock "0:01:55"]

1. c4 c6 2. Nf3 d5 3. e3 Nf6 4. b3 Bg4 5. Bb2 e6 6. h3 Bxf3 7. Qxf3 Nbd7 8. Nc3 g6 9. d4 Bg7 10. Be2 O-O 11. O-O a6 12. Rac1 Re8 13. Rfd1 Qe7 14. e4 dxe4 15. Nxe4 Nxe4 16. Qxe4 a5 17. Bc3 Red8 18. Qc2 Nf6 19. Bf3 Rd7 20. Rd3 Qd8 21. Rcd1 h5 22. Qb2 a4 23. d5 a3 24. Qa1 exd5 25. cxd5 cxd5 26. Bxd5 Rc8 27. Bxf7+ Kxf7 28. Bxf6 Rxd3 29. Bxd8 Bxa1 30. Rxd3 Rc1+ 31. Kh2 Be5+ 32. g3 Rc2 33. Rf3+ Ke6 34. b4 Rxa2 35. Kg2 Bd4 0-1


[Site "https://www.chess.com"]

[Event "Titled Tuesday Blitz March 01 Late 2022"]
[White "Ibadov, Dashgyn"]
[Black "Golubovskis, Maksims"]
[WhiteFideId "24107514"]
[BlackFideId "11608528"]
[WhiteElo "2084"]
[BlackElo "2066"]
[Result "1-0"]
[Round "05"]
[TimeControl "180+1"]
[Date "2022.03.02"]
[WhiteClock "0:00:38"]
[BlackClock "0:00:13"]

1. e4 c5 2. Nf3 d6 3. d4 cxd4 4. Nxd4 Nf6 5. Nc3 a6 6. Bg5 Nbd7 7. f4 Qc7 8. Qf3 b5 9. O-O-O e6 10. Bd3 Bb7 11. g4 Qb6 12. Bxf6 gxf6 13. Nb3 O-O-O 14. Kb1 Nc5 15. f5 Be7 16. Rhe1 b4 17. Ne2 d5 18. Nxc5 Bxc5 19. fxe6 fxe6 20. Qxf6 dxe4 21. Bc4 Bd5 22. Bxd5 exd5 23. Qf5+ Kb8 24. Rxd5 e3 25. Nc1 Rxd5 26. Qxd5 Rd8 27. Qe4 Qd6 28. Nd3 a5 29. b3 Bd4 30. Rf1 Qc7 31. Rf5 Rc8 32. Rb5+ Bb6 33. Nc5 Ka7 34. Na4 Rd8 35. Rxb6 Rd1+ 36. Kb2 Qg7+ 37. c3 Qd7 38. Ra6+ Kxa6 39. Nc5+ 1-0


[Site "https://www.chess.com"]

[Event "Titled Tuesday Blitz March 01 Late 2022"]
[White "Iskusnyh, Sergei"]
[Black "Riazantsev, Alexander"]
[WhiteFideId "4120027"]
[BlackFideId "4125029"]
[WhiteElo "2492"]
[BlackElo "2595"]
[Result "0-1"]
[Round "05"]
[TimeControl "180+1"]
[Date "2022.03.01"]
[WhiteClock "0:00:02"]
[BlackClock "0:00:21"]

1. d4 Nf6 2. c4 e6 3. g3 d5 4. Bg2 Bb4+ 5. Nd2 O-O 6. Nf3 b6 7. O-O Bb7 8. b3 a5 9. a3 Bd6 10. Bb2 Nbd7 11. cxd5 Bxd5 12. Qc2 Bb7 13. Rfd1 c5 14. dxc5 Bxc5 15. Ng5 Bxg2 16. Kxg2 h6 17. Nge4 Qe7 18. Nxf6+ Nxf6 19. Bxf6 Qxf6 20. Ne4 Qe7 21. Nxc5 Rac8 22. b4 bxc5 23. bxa5 Ra8 24. Qc3 Qc7 25. a4 Rxa5 26. Rdb1 Rfa8 27. Qc2 h5 28. h4 g6 29. Kh2 Qc6 30. Rb5 Qxb5 31. axb5 Rxa1 32. Qxc5 Rb1 33. g4 Rb8 34. gxh5 R1xb5 35. Qd6 gxh5 36. Qg3+ Kh7 37. Qf3 Rf5 38. Qg3 Rg8 39. Qe3 Rg4 40. f3 Rxh4+ 41. Kg3 Rc4 42. Qa7 Rc8 43. e4 Rg8+ 44. Kf2 Rf6 45. Qd4 Rfg6 46. Qe5 Kh6 47. Qf4+ Kh7 48. Qe5 Rh6 49. Qf4 Rg7 50. Qh4 Rg8 51. Qf4 h4 52. Qxf7+ Rg7 53. Qf4 h3 0-1


[Site "https://www.chess.com"]

[Event "Titled Tuesday Blitz March 01 Late 2022"]
[White "Janaszak, Dawid"]
[Black "Szente Varga, Fruzsina"]
[WhiteFideId "1119206"]
[BlackFideId "712264"]
[WhiteElo "2199"]
[BlackElo "1994"]
[Result "0-1"]
[Round "05"]
[TimeControl "180+1"]
[Date "2022.03.02"]
[WhiteClock "0:00:01"]
[BlackClock "0:00:35"]

1. e4 Nf6 2. e5 Nd5 3. d4 d6 4. Nf3 g6 5. Be2 Bg7 6. O-O O-O 7. Re1 c5 8. exd6 exd6 9. Nc3 Nxc3 10. bxc3 Nc6 11. Bg5 Qa5 12. Bd2 Bg4 13. h3 Bxf3 14. Bxf3 Qc7 15. Be3 Na5 16. Rb1 Rad8 17. Bg5 Rde8 18. Qd3 Nc6 19. Qc4 b6 20. Bf4 Na5 21. Qd5 Rd8 22. Bg5 Rde8 23. Bf4 Rd8 24. h4 cxd4 25. cxd4 Qxc2 26. Rbc1 Qb2 27. Bxd6 Bxd4 28. Be2 Bc5 29. Rxc5 bxc5 30. Qxc5 Nb7 31. Qa3 Qd2 32. Rb1 Nxd6 33. Bf3 Nf5 34. g3 Rd3 35. Qxa7 Rxf3 0-1


[Site "https://www.chess.com"]

[Event "Titled Tuesday Blitz March 01 Late 2022"]
[White "Janturin, Artur"]
[Black "Vine, Elzbieta"]
[WhiteFideId "4130022"]
[BlackFideId "1119320"]
[WhiteElo "2329"]
[BlackElo "1859"]
[Result "1-0"]
[Round "05"]
[TimeControl "180+1"]
[Date "2022.03.02"]
[WhiteClock "0:00:18"]
[BlackClock "0:00:01"]

1. b3 e5 2. Bb2 d6 3. e3 Nf6 4. Nf3 Bg4 5. h3 Bh5 6. Be2 Nc6 7. d4 exd4 8. Nxd4 Bg6 9. Nxc6 bxc6 10. Bf3 d5 11. O-O Bd6 12. c4 O-O 13. Nc3 dxc4 14. bxc4 Rb8 15. Qe2 Qe8 16. Rad1 Qe5 17. g3 Bf5 18. Bg2 Qe6 19. Kh2 Rxb2 20. Qxb2 Qxc4 21. Rd4 Qe6 22. Qb3 Qe5 23. Bxc6 Nh5 24. Ne2 Be6 25. Qc2 f5 26. Nf4 Nf6 27. Nxe6 Qxe6 28. Qc4 1-0


[Site "https://www.chess.com"]

[Event "Titled Tuesday Blitz March 01 Late 2022"]
[White "Jaracz, Pawel"]
[Black "Tomb, Maroun"]
[WhiteFideId "1102222"]
[BlackFideId "5300398"]
[WhiteElo "2429"]
[BlackElo "2566"]
[Result "1-0"]
[Round "05"]
[TimeControl "180+1"]
[Date "2022.03.01"]
[WhiteClock "0:00:22"]
[BlackClock "0:00:08"]

1. e4 d6 2. d4 Nf6 3. Nc3 e5 4. Nf3 Nbd7 5. a4 Be7 6. Bc4 c6 7. O-O h6 8. a5 Qc7 9. Qe2 Nf8 10. Rd1 Ng6 11. d5 O-O 12. Bb3 Nh5 13. a6 Nhf4 14. Qc4 c5 15. axb7 Qxb7 16. Ba4 Bd7 17. g3 Bg4 18. Bc6 Qc8 19. Ne1 Bxd1 20. Nxd1 Nh3+ 21. Kg2 Qg4 22. Ne3 Ngf4+ 23. Kf1 Qh5 24. gxf4 Nxf4 25. N3g2 Qxh2 26. Bxf4 exf4 27. Bxa8 f3 28. Nxf3 Qh1+ 29. Ng1 Rxa8 30. Qb3 h5 31. Qb7 Re8 32. Qd7 Kf8 33. Ra3 Qh2 34. Rg3 h4 35. Rf3 g5 36. Qf5 Qe5 37. Qxf7# 1-0


[Site "https://www.chess.com"]

[Event "Titled Tuesday Blitz March 01 Late 2022"]
[White "Jarocka, Liwia"]
[Black "Cagara, Paulina"]
[WhiteFideId "21807558"]
[BlackFideId "1124870"]
[WhiteElo "1896"]
[BlackElo "1828"]
[Result "0-1"]
[Round "05"]
[TimeControl "180+1"]
[Date "2022.03.02"]
[WhiteClock "0:01:16"]
[BlackClock "0:01:02"]

1. d4 f5 2. Nf3 Nf6 3. g3 g6 4. Bg2 d6 5. O-O Bg7 6. c4 O-O 7. Nc3 Qe8 8. b3 h6 9. Bb2 g5 10. d5 a5 11. Rc1 Na6 12. Nb5 Bd7 13. Nbd4 Nc5 14. h4 Nfe4 15. hxg5 hxg5 16. Nd2 Qg6 17. Nxe4 Nxe4 18. Qc2 Rae8 19. g4 Be5 20. Nxf5 Bxb2 21. Qxb2 Bxf5 22. gxf5 Qxf5 23. Qc2 Nc5 24. Qxf5 Rxf5 25. f3 e5 26. e4 Rf4 27. Bh3 Kg7 28. Rcd1 Rh8 29. Kh2 b6 30. Kg2 Rfh4 31. Rh1 Kf6 32. Bc8 Rxh1 33. Rxh1 Rxc8 0-1


[Site "https://www.chess.com"]